 Dungeon Crawl Stone Soup version 0.29.1-14-g9c671dbff4 (webtiles) character file.

Game seed: 786539863872119590

126 Thatpatchoflichen the Poker (level 4, -1/35 HPs)
             Began as a Demonspawn Gladiator on Feb 12, 2023.
             Killed from afar by a white imp (3 damage)
             ... with a puff of frost
             ... summoned by Natasha
             ... on level 2 of the Dungeon.
             The game lasted 00:02:49 (1605 turns).

Thatpatchoflichen the Poker (Demonspawn Gladiator)  Turns: 1605, Time: 00:02:50

Health: -1/35      AC:  7    Str: 16    XL:     4   Next: 83%
Magic:  4/4        EV: 12    Int: 10    God:
Gold:   77         SH:  4    Dex: 14    Spells: 3/3 levels left

rFire   . . .      SeeInvis .   a - +0 trident
rCold   . . .      Faith    .   (no shield)
rNeg    . . .      Spirit   .   b - +0 leather armour
rPois   .          Reflect  .   c - +0 helmet
rElec   .          Harm     .   (no cloak)
rCorr   .          Rampage  .   l - +2 pair of gloves
Will    .....                   (no boots)
Stlth   +.........              (no amulet)
HPRegen 0.11/turn               (no ring)
MPRegen 0.09/turn               (no ring)

@: slowed, very slow
A: spiny 1, condensation shield
a: no special abilities


You were on level 2 of the Dungeon.
You visited 1 branch of the dungeon, and saw 2 of its levels.

You collected 77 gold pieces.

Inventory:

Hand Weapons
 a - a +0 trident (weapon)
Missiles
 d - 3 throwing nets (quivered)
 e - a javelin
Armour
 b - a +0 leather armour (worn)
 c - a +0 helmet (worn)
 h - a +0 plate armour
 l - a +2 pair of gloves (worn)
Scrolls
 f - 2 scrolls of identify {unknown}
 j - 2 scrolls of magic mapping {unknown}
 m - a scroll of brand weapon {unknown}
 n - a scroll of fear {unknown}
Potions
 g - 2 potions of mutation {unknown}
 i - a potion of degeneration {unknown}
 k - a potion of haste {unknown}
 o - a potion of heal wounds {unknown}


   Skills:
 + Level 3.0 Fighting
 + Level 3.4 Polearms
 - Level 1.7 Throwing
 + Level 1.8 Armour
 + Level 3.4 Dodging


You had 3 spell levels left.
You didn't know any spells.
Your spell library was empty.

Dungeon Overview and Level Annotations

Branches:
Dungeon (2/15)

Altars:

Annotations:
D:2 Natasha


Innate Abilities, Weirdness & Mutations

You are partially covered in sharp spines.
A meltable shield of frost defends you. (SH +4)


Message History

Natasha is severely wounded.
You block Natasha's attack. The white imp closely misses you.
Natasha mumbles some strange words.
You block the white imp's attack.
You hit Natasha.
Natasha is severely wounded.
The white imp gestures at you. The puff of frost hits you.
Natasha barely misses you. The white imp gestures at you.
The puff of frost hits you.
The crimson imp blinks!
The white imp hits you. The white imp freezes you.
* * * LOW HITPOINT WARNING * * *
You block Natasha's attack.
The white imp hits you but does no damage.
Reach: a) +0 trident
Press: ? - help, Dir - move target, f - Natasha
Aim: Natasha (severely wounded, about 49% to evade your +0 trident)
You closely miss Natasha.
Natasha is severely wounded.
The crimson imp blinks!
The white imp gestures at you. The puff of frost hits you.
* * * LOW HITPOINT WARNING * * *
Natasha barely misses you. The white imp is struck by your spines.
The white imp hits you but does no damage.
The crimson imp puffs mist at you. You block the white imp's attack.
Natasha casts a spell at you. The magic dart hits you.
* * * LOW HITPOINT WARNING * * *
Reach: a) +0 trident
Press: ? - help, Dir - move target, f/p - Natasha
Aim: Natasha (severely wounded, about 49% to evade your +0 trident)
You barely miss Natasha.
Natasha is severely wounded.
The white imp gestures at you. You block the puff of frost.
The white imp gestures at you. The puff of frost hits you.
You die...

#.# #..~~ #.#
#(~≈≈ #.# #.~~≈
#.# #..~≈
######.# ...~≈
###......# #
.~P≈ #...####.#
!.. ~~≈≈
#.#########....
~≈≈≈
#))....@h......
P.≈~
###....55.#....
.~~~ #..5....#
. ..~~
#.......# #.~~≈
#..~.~~.# #.~P≈
#~≈≈≈≈~~# ...≈≈
#≈≈≈g≈≈≈#
#.~~~≈
####+####
..~≈≈≈ ....~≈≈


You could see Natasha, a crimson imp (summoned), 2 white imps and a goblin.

Vanquished Creatures
  Natasha (twice) (D:2)
  A gnoll (D:1)
  2 adders (D:2)
  A dart slug (D:1)
  3 ball pythons (D:1)
  6 endoplasms (D:1)
  3 giant cockroaches
  5 hobgoblins
  2 kobolds (D:1)
  A quokka (D:1)
  6 bats
  2 frilled lizards (D:2)
  8 goblins
  A rat (D:2)
43 creatures vanquished.

Vanquished Creatures (others)
  A plant (D:2)
1 creature vanquished.

Grand Total: 44 creatures vanquished

Notes
Turn   | Place    | Note
-------+----------+-------------------------------------------
     0 | D:1      | Thatpatchoflichen the Demonspawn Gladiator began the quest
                  | for the Orb.
     0 | D:1      | Reached XP level 1. HP: 16/16 MP: 1/1
   179 | D:1      | Gained mutation: You are partially covered in sharp spines.
                  | [demonic ancestry]
   179 | D:1      | Reached XP level 2. HP: 9/22 MP: 2/2
   517 | D:1      | Found a faded altar of an unknown god.
   750 | D:1      | Reached skill level 1 in Armour
   860 | D:1      | Reached XP level 3. HP: 28/28 MP: 3/3
  1245 | D:2      | Noticed Natasha
  1255 | D:2      | Killed Natasha
  1256 | D:2      | Gained mutation: A meltable shield of frost defends you.
                  | (SH +4) [demonic ancestry]
  1256 | D:2      | Reached XP level 4. HP: 26/34 MP: 4/4
  1464 | D:2      | Noticed Natasha
  1475 | D:2      | Killed Natasha
  1595 | D:2      | Noticed Natasha
  1605 | D:2      | Killed from afar by a white imp

Illustrated notes

Levels and vault maps discovered:
D:1:      dpeg_arrival_signposts, layout_basic,
          hellmonk_ecumenical_altar_slurped_away, minmay_pentomino_t2
D:2:      layout_rooms, chequers_big_river, minmay_goblin_outpost, uniq_natasha

Skill      XL: |  1  2  3  4 |
---------------+-------------+-----
Dodging        | 3 |  3.4
Polearms       | 3 |  3.4
Armour         | 1 |  1.8
Fighting       | 3 |  3.0
Throwing       | |  1.7

Action                   |  1- 3 |  4- 6 || total
-------------------------+-------+-------++-------
Melee: Trident           |    70 |    33 ||   103
Armor: Leather armour    |    26 |    15 ||    41
Dodge: Dodged            |    44 |    22 ||    66
Block: Other             |       |    15 ||    15
